 Dungeon Crawl Stone Soup version 0.28-a0-1524-ge72afd5fc6 (webtiles) character file.

Game seed: 5425785273840669718

179 lunkers the Firebug (level 5, -3/27 (28) HPs)
             Began as a Deep Elf Fire Elementalist on Jan 17, 2022.
             Slain by a wight (4 damage)
             ... on level 3 of the Dungeon.
             The game lasted 00:03:55 (2599 turns).

lunkers the Firebug (Deep Elf Fire Elementalist)    Turns: 2599, Time: 00:03:56

HP:   -3/27 (28)    AC:  3    Str:  5    XL:     5   Next: 33%
MP:   4/13          EV: 12    Int: 27    God:
Gold: 95            SH:  0    Dex: 13    Spells: 9/12 levels left

rFire   . . .      SeeInvis .   a - +10 whip of Dullness {protect, rElec rPois rCorr Int+5 Dex-2}
rCold   . . .      Faith    .   (no shield)
rNeg    . . .      Spirit   .   l - +0 robe
rPois   +          Reflect  .   (no helmet)
rElec   +          Harm     .   j - +0 cloak
rCorr   +          Rampage  .   (no gloves)
Will    .....                   (no boots)
Stlth   ++........              (no amulet)
HPRegen 0.09/turn               (no ring)
MPRegen 0.13/turn               (no ring)

@: lightly drained
A: no striking features
a: no special abilities


You were on level 3 of the Dungeon.
You visited 1 branch of the dungeon, and saw 3 of its levels.

You collected 95 gold pieces.

Inventory:

Hand Weapons
 a - the +10 whip of Dullness (weapon) {protect, rElec rPois rCorr Int+5 Dex-2}
   (You took it off a goblin on level 2 of the Dungeon)

   It grants its wielder temporary protection when it strikes (+7 to AC).
   Int:       It affects your intelligence (+5).
   Dex:       It affects your dexterity (-2).
   rElec:     It insulates you from electricity.
   rPois:     It protects you from poison.
   rCorr:     It protects you from acid and corrosion.
 i - a +4 quarterstaff of chaos
Armour
 f - a +4 ring mail
 j - a +0 cloak (worn)
 l - a +0 robe (worn)
Scrolls
 c - a scroll of enchant armour {unknown}
 e - a scroll of blinking {unknown}
 g - 2 scrolls of teleportation {unknown}
 k - a scroll of noise {unknown}
Potions
 b - a potion of curing {unknown}
 d - a potion of lignification {unknown}
 h - a potion of heal wounds {unknown}


   Skills:
 - Level 2.4 Dodging
 - Level 2.4 Stealth
 + Level 4.2 Spellcasting
 * Level 3.2 Conjurations
 * Level 5.2 Fire Magic


You had 9 spell levels left.
You knew the following spells:

 Your Spells              Type           Power      Damage    Failure   Level
a - Scorch                Fire           68%        2d8       1%          2
b - Foxfire               Conj/Fire      100%       2x1d9     1%          1

Your spell library contained the following spells:

 Spells                   Type           Power      Damage    Failure   Level
 Conjure Flame            Conj/Fire      28%        6-21      4%          3
 Inner Flame              Hex/Fire       19%        N/A       8%          3
 Corpse Rot               Necr/Air       10%        N/A       12%         2
 Ensorcelled Hibernation  Hex/Ice        10%        N/A       12%         2
 Passwall                 Tmut/Erth      4%         N/A       12%         2
 Poisonous Vapours        Pois/Air       10%        N/A       12%         2
 Flame Wave               Conj/Fire      28%        2d6       13%         4
 Swiftness                Air            5%         N/A       24%         3


Dungeon Overview and Level Annotations

Branches:
Dungeon (2/15)

Altars:


Message History

Your Spellcasting skill increases to level 4!
Your Conjurations skill increases to level 3!
Your Fire Magic skill increases to level 5!
You have reached level 5!
You whack the ball python!
Your weapon exudes an aura of protection.
You kill the ball python!
Casting: Scorch (safe; 1% risk of failure)
Press: ? - help, Q - select action, (/) - cycle Dir - look around, f - activate Flames lash the wight.
The wight is moderately damaged.
The wight's fire resistance burns away.
The wight hits you with a +5 flail!
* * * LOW HITPOINT WARNING * * *
Casting: Scorch (safe; 1% risk of failure)
Press: ? - help, Q - select action, (/) - cycle Dir - look around, f - activate Flames lash the wight.
The wight is burned terribly!
You destroy the wight!
* * * LOW MAGIC WARNING * * *
You open the door.
There is an open door here.
An adder comes into view.
The wight hits you with a +4 falchion of freezing.
* * * LOW HITPOINT WARNING * * *
You feel drained.
* * * LOW HITPOINT WARNING * * *
The wight freezes you.
* * * LOW HITPOINT WARNING * * *
Things that are here:
a +0 great sword; a +0 robe
There is an open door here.
Casting: Scorch (safe; 1% risk of failure)
Press: ? - help, Q - select action, (/) - cycle Dir - look around, f - activate Flames lash the wight.
The wight is heavily damaged.
The wight's fire resistance burns away.
The wight hits you with a +4 falchion of freezing!
* * * LOW HITPOINT WARNING * * *
The wight freezes you.
You die...

.S............#
..............+
................#
...............###
.........#####...#
........# #)).#
........#####...#
####.........#...##
+.@z.........'....#
####.........#....#
#.........####..
########### #. . .


You could see a wight (combustible).

Vanquished Creatures
  2 wights (D:3)
  Crazy Yiuf (D:2)
  An adder skeleton (D:2)
  3 worms (D:2)
  A dart slug (D:1)
  5 endoplasms
  2 giant cockroaches
  4 goblins
  9 hobgoblins
  6 jackals (D:2)
  4 ball pythons
  6 bats
  3 frilled lizards
  2 kobolds (D:1)
  9 rats
58 creatures vanquished.

Vanquished Creatures (others)
  52 foxfires (D:1)
52 creatures vanquished.

Grand Total: 110 creatures vanquished

Notes
Turn   | Place    | Note
-------+----------+-------------------------------------------
     0 | D:1      | lunkers the Deep Elf Fire Elementalist began the quest for
                  | the Orb.
     0 | D:1      | Reached XP level 1. HP: 10/10 MP: 6/6
   516 | D:1      | Reached XP level 2. HP: 15/15 MP: 5/8
   525 | D:1      | Learned a level 2 spell: Scorch
   790 | D:1      | Reached skill level 4 in Fire Magic
  1025 | D:1      | Found a faded altar of an unknown god.
  1466 | D:1      | Reached XP level 3. HP: 19/19 MP: 0/9
  1771 | D:2      | Found a runed translucent door.
  1772 | D:2      | Noticed Crazy Yiuf
  1779 | D:2      | Killed Crazy Yiuf
  1959 | D:2      | Reached XP level 4. HP: 24/24 MP: 6/11
  2154 | D:2      | Identified the +10 whip of Dullness {protect, rElec rPois
                  | rCorr Int+5 Dex-2}
  2553 | D:2      | You fall into a shaft and drop 1 floor!
  2563 | D:3      | Reached skill level 5 in Fire Magic
  2563 | D:3      | Reached XP level 5. HP: 28/28 MP: 5/13
  2599 | D:3      | HP: 1/27 [wight (10)]
  2599 | D:3      | Slain by a wight

Illustrated notes

Levels and vault maps discovered:
D:1:      dpeg_arrival_ratfight, layout_loops_corners,
          hellmonk_ecumenical_altar_heavens_door
D:2:      layout_loops_ring, corexii_hall_statues_s, uniq_crazy_yiuf_cottage
D:3:      layout_basic, lemuel_doored_altar, ebering_ghost_rock_garden

Skill      XL: |  1  2  3  4 |
---------------+-------------+-----
Fire Magic     | 4 5 |  5.2
Conjurations   | 2 3 |  3.2
Spellcasting   | 4 |  4.2
Dodging        | |  2.4
Stealth        | |  2.4

Action                   |  1- 3 |  4- 6 || total
-------------------------+-------+-------++-------
Melee: Unarmed           |    16 |       ||    16
       Punch             |     1 |       ||     1
       Quarterstaff      |       |    19 ||    19
       Whip              |       |     3 ||     3
 Cast: Foxfire           |    30 |       ||    30
       Scorch            |    27 |    29 ||    56
Armor: Robe              |     3 |     6 ||     9
       Ring mail         |     8 |       ||     8
Dodge: Dodged            |    12 |    26 ||    38

Table legend: (Time is in decaauts)
 A = Elapsed time spent in this place.
 B = Non-inter-level travel time spent in this place.
 C = Inter-level travel time spent in this place.
 D = Time resting spent in this place.
 E = Time spent auto-exploring this place.
 F = Levels seen in this place.
 G = Mean time per level.
                   A        B        C        D        E       F      G
               +--------+--------+--------+--------+--------+-----+--------+
         Total |   2603 |   2553 |     50 |      0 |   2144 |   3 |  867.7 |
       Dungeon |   2603 |   2553 |     50 |      0 |   2144 |   3 |  867.7 |
               +--------+--------+--------+--------+--------+-----+--------+

Top non-repeatable levels by time:
     D:1: 1636 daAuts
     D:2: 921 daAuts
     D:3: 45 daAuts
